 Dungeon Sprint DCSS version 0.22-a0-897-g1b7a381375 (webtiles) character file.

9 IcyTea the Gusty (level 2, 0/20 HPs)
             Began as a Draconian Air Elementalist on July 31, 2018.
             Succumbed to a worker ant's poison
             ... in the Dungeon (Sprint IX: "|||||||||||||||||||||||||||||").
             The game lasted 00:01:27 (174 turns).

IcyTea the Gusty (Draconian Air Elementalist)        Turns: 174, Time: 00:01:28

Health: 0/20       AC:  4    Str: 10    XL:     2   Next: 3%
Magic:  0/5        EV: 12    Int: 15    God:
Gold:   0          SH:  0    Dex: 11    Spells: 4/5 levels left

rFire    . . .     SeeInvis .   (no weapon)
rCold    . . .     Gourm    .   (no shield)
rNeg     . . .     Faith    .   (armour unavailable)
rPois    .         Spirit   .   (helmet restricted)
rElec    .         Reflect  .   (no cloak)
rCorr    .         Harm     .   (no gloves)
MR       .....     NoTele   +   (no boots)
Stlth    ++........             (no amulet)
HPRegen  0.06/turn              (no ring)
MPRegen  0.09/turn              (no ring)

@: lethally poisoned (0 -> -17), very slightly contaminated
A: unfitting armour, cold-blooded, AC +4
a: no special abilities


You were in the Dungeon.
You were not hungry.

You visited 1 branch

Inventory:

Scrolls
 h - a scroll of blinking
Potions
 e - a potion of haste
 f - 2 potions of magic
 g - a potion of berserk rage
Comestibles
 a - a chunk of flesh
 b - a ration


   Skills:
 - Level 1.7 Dodging
 - Level 1.7 Stealth
 - Level 2.0 Spellcasting
 - Level 1.0 Conjurations
 + Level 5.1 Air Magic


You had 4 spell levels left.
You knew the following spells:

 Your Spells              Type           Power        Failure   Level  Hunger
a - Shock                 Conj/Air       ##..         6%          1    #......

Your spell library contained the following spells:

 Spells                   Type           Power        Failure   Level  Hunger
 Lightning Bolt           Conj/Air       ##........   87%         5    ######.
 Swiftness                Chrm/Air       #.......     12%         2    ###....
 Airstrike                Air            ###.......   26%         4    #####..
 Static Discharge         Conj/Air       ##......     19%         3    ###....


Dungeon Overview and Level Annotations

Branches:
Dungeon (1/1)

Altars:


Innate Abilities, Weirdness & Mutations

Your plain brown scales are hard. (AC +4)
You cannot fit into any form of body armour.
You are cold-blooded and may be slowed by cold attacks.


Message History

The zap hits the adder zombie.
The adder zombie is severely damaged.
The zap misses the adder.
The zap hits the centaur.
The centaur is moderately wounded.
The zap hits the crimson imp.
The crimson imp is moderately wounded.
You feel sick. The worker ant bites you!
* * * LOW HITPOINT WARNING * * *
You hit the worker ant.
The worker ant is severely wounded.
* * * LOW HITPOINT WARNING * * *
You feel sick. The worker ant bites you.
* * * LOW HITPOINT WARNING * * *
You are more poisoned.
The worker ant poisons you!
The worker ant bites you but does no damage.
You hit the worker ant but do no damage.
You tail-slap the worker ant, but do no damage.
The worker ant is severely wounded.
You die... ▓▓▓▓▓▓▓▓▓▓▓▓▓▓▓▓▓▓ +.....5cSZa@†...<▓ ▓▓▓▓▓▓▓▓▓▓▓▓▓▓▓▓▓▓

You could see a centaur, a worker ant, a crimson imp, an adder and an adder zombie.

Vanquished Creatures
  An ooze (D)
  A goblin (D)
  2 bats (D)
  A rat (D)
5 creatures vanquished.

Notes
Turn   | Place    | Note
-------+----------+-------------------------------------------
     0 | D        | IcyTea the Draconian Air Elementalist began the quest for the Orb.
     0 | D        | Reached XP level 1. HP: 14/14 MP: 3/3
     6 | D        | Reached skill level 4 in Air Magic
    16 | D        | Reached skill level 5 in Air Magic
    16 | D        | Reached XP level 2. HP: 12/20 MP: 0/5
   147 | D        | Noticed a crimson imp
   147 | D        | Noticed a centaur
   168 | D        | HP: 1/20 [worker ant (5)]
   173 | D        | HP: 1/20 [worker ant (3)]
   174 | D        | Succumbed to a worker ant's poison

Vault maps used:
D:        linesprint

Skill      XL: |  1 |
---------------+----+-----
Air Magic      | 5 |  5.1
Dodging        | |  1.7
Stealth        | |  1.7
Spellcasting   | |  2.0
Conjurations   | |  1.0

Action                   || total
-------------------------++-------
Melee: Unarmed           ||    23
       Tailslap          ||     4
 Cast: Shock             ||     7
  Use: Potion            ||     2
Armor: Skin              ||     9
Dodge: Dodged            ||    19

Table legend:
 A = Spawn XP
 B = Non-spawn XP
 C = Spawn XP percentage of total XP
 D = Spawn monster count
 E = Non-spawn monster count
 F = Spawn count percentage of total count
 G = Total turns spent on level
                    A         B        C        D         E        F      G
               +---------+---------+-------+---------+---------+-------+---------
         Total |       0 |      13 |   0.0 |       0 |       5 |   0.0 |   174
               +---------+---------+-------+---------+---------+-------+---------
             D |       0 |      13 |   0.0 |       0 |       5 |   0.0 |   174
               +---------+---------+-------+---------+---------+-------+---------
